 Dungeon Crawl Stone Soup version 0.17.2-1-ge4368a0 (webtiles) character file.

58 Goblin1989 the Sneak (level 3, -1/18 HPs)
             Began as a Spriggan Gladiator on Aug 23, 2016.
             Was an Initiate of Ru.
             Killed by nerve-wracking pain
             ... invoked by a shadow imp
              (11 damage)
             ... on level 5 of the Dungeon.
             The game lasted 00:06:10 (742 turns).

Goblin1989 the Sneak (Spriggan Gladiator)            Turns: 742, Time: 00:06:10

Health: -1/18      AC:  3    Str: 11    XL:     3   Next: 76%
Magic:  4/4        EV: 20    Int:  9    God:    Ru [......]
Gold:   27         SH:  0    Dex: 17    Spells: 0 memorised, 2 levels left

rFire  . . .     SeeInvis +     a - +0 rapier
rCold  . . .     Clarity  .     b - +0 robe
rNeg   . . .     SustAt   .     (shield restricted)
rPois  .         Gourm    .     c - +0 hat
rElec  .         Spirit   .     l - +0 cloak
rCorr  .         Warding  .     (gloves unavailable)
rMut   .         Stasis   .     (boots unavailable)
MR     .....                    (no amulet)
Stlth  +++.......               (no ring)
                                (no ring)

@: very quick, not resistant to hostile enchantments, fairly stealthy
A: unfitting armour, see invisible, herbivore 3, speed 3, slow metabolism 2
a: Renounce Religion


You were on level 5 of the Dungeon.
You worshipped Ru.
Ru was noncommittal.
You were not hungry.

You visited 1 branch of the dungeon, and saw 5 of its levels.

You collected 27 gold pieces.

Inventory:

Hand Weapons
 a - a +0 rapier (weapon)
 i - a +1 dagger of holy wrath
Missiles
 d - 3 throwing nets (quivered)
Armour
 b - a +0 robe (worn)
 c - a +0 hat (worn)
 l - a +0 cloak (worn)
Jewellery
 f - a cursed amulet of inaccuracy {unknown}
Scrolls
 g - 2 scrolls of magic mapping {unknown}
 h - a scroll of noise {unknown}
 k - 4 scrolls of identify {unknown}
 n - a scroll of remove curse {unknown}
 o - a scroll of enchant armour {unknown}
Potions
 m - a potion of curing {unknown}
 p - a potion of invisibility {unknown}
Comestibles
 e - a bread ration
 j - 7 fruits


   Skills:
 - Level 1.5 Fighting
 * Level 3.4 Short Blades
 - Level 2.0 Throwing
 + Level 4.4 Dodging
 + Level 5.2 Stealth


You had 2 spell levels left.
You didn't know any spells.

Dungeon Overview and Level Annotations

Branches:
Dungeon (5/15)
 Temple: D:4-7

Altars:
Ru


Innate Abilities, Weirdness & Mutations

You are tiny and cannot use many weapons and most armour.
You have supernaturally acute eyesight.
You are a herbivore.
You cover ground extremely quickly.
You need consume almost no food.


Message History

You hear the sound of rushing water.
There is an entrance to a sewer on this level.
Hurry and find it before the portal rusts away!
A scorpion and a shadow imp come into view.
Found a shiny glass ring.
There is a stone staircase leading up here.
Read which item? (? for menu, Esc to quit)
Okay, then.
The shadow imp shouts, "Decamp, thou euchred crook-pated measle!"
The shadow imp hits you.
You take 1 damage, and have 10/18 hp.
You hit the shadow imp but do no damage.
The shadow imp misses you.
You completely miss the shadow imp. The shadow imp misses you.
You barely miss the shadow imp.
The shadow imp hits you but does no damage.
You closely miss the shadow imp. The shadow imp gestures at you.
Pain shoots through your body!
Ouch! That really hurt!
You die...

# #. ##.#
.###...#####
#.......@5.#
..##...###.#
##s# #<#
#......#
#.......
####.#...
....5..
##....... #
......#


You could see a scorpion (wandering) and a shadow imp.

Vanquished Creatures
  4 adders
  An orc (D:3)
  A giant cockroach (D:1)
  4 hobgoblins
  2 kobolds (D:2)
  4 bats
  2 giant newts
  2 goblins (D:3)
  2 rats (D:2)
22 creatures vanquished.

Notes
Turn   | Place    | Note
--------------------------------------------------------------
     0 | D:1      | Goblin1989 the Spriggan Gladiator began the quest for the Orb.
     0 | D:1      | Reached XP level 1. HP: 10/10 MP: 2/2
    30 | D:2      | Reached XP level 2. HP: 14/14 MP: 3/3
   211 | D:3      | Found a sacrificial altar of Ru.
   214 | D:3      | Became a worshipper of Ru the Awakened
   345 | D:2      | Reached XP level 3. HP: 16/18 MP: 4/4
   443 | D:2      | Reached skill level 5 in Stealth
   728 | D:5      | Entered Level 5 of the Dungeon
   728 | D:5      | Noticed a scorpion
   742 | D:5      | Killed from afar by a shadow imp

Action                   || total
-------------------------++-------
Melee: Rapier            ||    77
Throw: Throwing net      ||     1
 Stab: Sleeping          ||     4
